 Dungeon Crawl Stone Soup version 0.29-a0-330-g52719c12eb (webtiles) character file.

Game seed: 6264653300248234239

1675 Gwenloh the Covered (level 9, -2/69 HPs)
             Began as a Human Fighter on May 24, 2022.
             Slain by an ogre
             ... wielding a +0 giant club
              (10 damage)
             ... on level 4 of the Dungeon on May 26, 2022.
             The game lasted 00:13:38 (6786 turns).

Gwenloh the Covered (Human Fighter)                 Turns: 6786, Time: 00:13:38

Health: -2/69      AC: 12    Str: 16    XL:     9   Next: 21%
Magic:  9/9        EV:  6    Int:  9    God:
Gold:   564        SH:  6    Dex: 17    Spells: 8/8 levels left

rFire   . . .      SeeInvis .   a - +1 long sword
rCold   . . .      Faith    .   c - +0 buckler
rNeg    . . .      Spirit   .   t - +0 chain mail
rPois   .          Reflect  .   (no helmet)
rElec   .          Harm     .   (no cloak)
rCorr   .          Rampage  .   D - +0 pair of gloves
Will    +....                   g - +0 pair of boots
Stlth   ..........              (no amulet)
HPRegen 0.21/turn               w - ring of willpower
MPRegen 0.11/turn               (no ring)

@: no status effects
A: no striking features
a: no special abilities


You were on level 4 of the Dungeon.
You visited 1 branch of the dungeon, and saw 5 of its levels.

You collected 564 gold pieces.

Inventory:

Hand Weapons
 a - a +1 long sword (weapon)
 b - a +0 hunting sling
 f - a +0 rapier
 C - a +0 arbalest
Missiles
 h - 3 poisoned darts
 j - 90 stones
 o - a throwing net
 q - 4 boomerangs (quivered)
Armour
 c - a +0 buckler (worn)
 g - a +0 pair of boots (worn)
 l - a +0 scale mail
 t - a +0 chain mail (worn)
 D - a +0 pair of gloves (worn)
Jewellery
 w - a ring of willpower (left hand)
 E - a ring of fire
Wands
 d - a wand of charming (4)
Scrolls
 k - 2 scrolls of magic mapping
 n - a scroll of fear
 p - 4 scrolls of teleportation
 x - a scroll of fog {unknown}
 y - a scroll of holy word {unknown}
 z - a scroll of enchant armour {unknown}
 F - a scroll of identify
Potions
 e - 3 potions of curing
 i - a potion of attraction {unknown}
 m - 2 potions of invisibility {unknown}
 s - a potion of mutation {unknown}
 u - a potion of berserk rage {unknown}
 v - a potion of brilliance {unknown}
 A - 2 potions of degeneration {unknown}
 B - a potion of resistance {unknown}
 G - a potion of lignification {unknown}


   Skills:
 + Level 6.2 Fighting
 + Level 5.9 Long Blades
 + Level 6.3 Armour
 + Level 6.3 Shields


You had 8 spell levels left.
You didn't know any spells.
Your spell library contained the following spells:

 Spells                   Type           Power      Damage    Failure   Level
 Dazzling Flash           Conj/Hex       0%         N/A       100%        3
 Ignite Poison            Fire/Tmut/Pois 0%         N/A       100%        3
 Mephitic Cloud           Conj/Pois/Air  0%         N/A       100%        3
 Agony                    Necr           0%         N/A       100%        5
 Freezing Cloud           Conj/Ice/Air   0%         6-21      100%        5
 Silence                  Hex/Air        0%         N/A       100%        5


Dungeon Overview and Level Annotations

Branches:
Dungeon (5/15)
 Temple: D:4-7

Altars:
Okawaru
Qazlal
Trog
Vehumet
Wu Jian

Shops:
D:3 :

Annotations:
D:5 Duvessa


Message History

Duvessa easily resists.
Duvessa hits you with a +0 rapier of flaming.
Duvessa burns you.
Duvessa hits you with a +0 rapier of flaming.
Duvessa burns you.
You climb upwards.
There is a stone staircase leading down here.
There is a stone staircase leading up here.
There is a stone staircase leading down, spattered with blood here.
You start resting.
HP restored.
You climb downwards.
Level annotation: Duvessa
There is a stone staircase leading up here.
You throw a boomerang. The boomerang barely misses the ogre.
You throw a boomerang.
The boomerang hits the ogre but does no damage.
The ogre hits you with a +0 giant club!!
You climb upwards.
There is a stone staircase leading down, spattered with blood here.
You slash the ogre!
The ogre is moderately wounded.
The ogre barely misses you.
You hit the ogre.
The ogre is moderately wounded.
The ogre hits you with a +0 giant club!
You hit the ogre.
The ogre is moderately wounded.
You hit the ogre but do no damage.
The ogre is moderately wounded.
The ogre hits you with a +0 giant club!
You are too injured to fight recklessly!
You slash the ogre!
The ogre is severely wounded.
The ogre hits you with a +0 giant club!!
* * * LOW HITPOINT WARNING * * *
You barely miss the ogre.
The ogre is severely wounded.
The ogre hits you with a +0 giant club!
You die...

#.# #...........# #.#
#.#######.### #.# #####.# #.#
###.# #.....# #.# #...# #.###.#
#.# ##...##########...#.#
###.###
...........)........#####.....#
..............................#
................@.#..####.#####
#...............O....# #.#
..........##..##..#..# #.#
......#...##..##..#..# #.#
...).....#.#.........# #.#
...#.......#.#.......####.#####
...#..#..#.#.#.#..#....##.....#
...#..#..#........#.##.##.##.##
...#.....#........#.##.##.##.#


You could see an ogre.

Vanquished Creatures
  Grinder (D:5)
  Edmund (D:5)
  2 black bears (D:4)
  2 ice beasts (D:5)
  2 ogres
  A centaur (D:5)
  A phantom (D:5)
  A bullfrog (D:4)
  2 necrophages (D:5)
  2 scorpions (D:5)
  3 hounds
  An orc priest (D:3)
  2 iguanas (D:5)
  Terence (D:2)
  A gnoll (D:5)
  8 adders
  A white imp (D:5)
  3 worms
  3 dart slugs
  5 orcs
  4 ball pythons
  8 endoplasms
  5 giant cockroaches
  6 goblins
  5 hobgoblins
  6 jackals (D:2)
  2 quokkas (D:2)
  7 bats
  6 frilled lizards
  8 kobolds
  5 rats
105 creatures vanquished.

Notes
Turn   | Place    | Note
-------+----------+-------------------------------------------
     0 | D:1      | Gwenloh the Human Fighter began the quest for the Orb.
     0 | D:1      | Reached XP level 1. HP: 18/18 MP: 1/1
   104 | D:1      | Reached XP level 2. HP: 19/24 MP: 2/2
   629 | D:1      | Reached XP level 3. HP: 26/29 MP: 3/3
   998 | D:2      | Found a faded altar of an unknown god.
  1181 | D:2      | Reached XP level 4. HP: 35/35 MP: 4/4
  1210 | D:2      | Noticed Terence
  1226 | D:2      | Killed Terence
  1837 | D:2      | Reached XP level 5. HP: 34/42 MP: 5/5
  2718 | D:3      | Found a stormy altar of Qazlal.
  2843 | D:3      | Found Venoul's Book Shop.
  3201 | D:4      | Noticed a bullfrog
  3225 | D:4      | Killed a bullfrog
  3226 | D:4      | Reached XP level 6. HP: 23/48 MP: 6/6
  3705 | D:4      | Found an ornate altar of the Wu Jian Council.
  3735 | D:4      | Found an iron altar of Okawaru.
  3895 | D:4      | Found a radiant altar of Vehumet.
  3979 | D:4      | Found a bloodstained altar of Trog.
  4245 | D:5      | Entered Level 5 of the Dungeon
  4245 | D:5      | Noticed a black bear
  4303 | D:4      | Killed a black bear
  4304 | D:4      | Reached XP level 7. HP: 16/55 MP: 7/7
  5049 | D:5      | Reached skill level 5 in Armour
  5049 | D:5      | Reached skill level 5 in Shields
  5086 | D:5      | Noticed Edmund
  5106 | D:5      | Killed Edmund
  5107 | D:5      | Reached skill level 5 in Fighting
  5107 | D:5      | Reached XP level 8. HP: 42/62 MP: 8/8
  5568 | D:5      | Noticed Grinder
  5655 | D:5      | Killed Grinder
  5656 | D:5      | Reached skill level 5 in Long Blades
  6322 | D:5      | Reached XP level 9. HP: 63/69 MP: 9/9
  6666 | D:5      | Noticed Duvessa
  6786 | D:4      | Slain by an ogre

Illustrated notes

Levels and vault maps discovered:
D:1:      arrival_zaba_pyramid, layout_basic,
          nicolae_concentric_dashed_squares_wild, amcnicky_mini_corridor_feature
D:2:      layout_loops_ring, nicolae_ecumenical_oubliette,
          chequers_serial_rivers_micro_c, uniq_terence
D:3:      layout_basic, nicolae_qazlal_general_emergency, serial_shops, shop,
          chequers_serial_rivers_small_a, amethyst_killhole,
          mrwooster_statue_mirror
D:4:      layout_basic, nicolae_overflow_quartered_altars
D:5:      minmay_polygon_palace, layout_cave_pools, kennysheep_little_box,
          uniq_grinder, uniq_duvessa, uniq_edmund

Skill      XL: |  1  2  3  4  5  6  7  8  9 |
---------------+----------------------------+-----
Long Blades    | 3 4 5 |  5.9
Shields        | 4 5 6 |  6.3
Armour         | 4 5 6 |  6.3
Fighting       | 4 5 6 |  6.2

Action                   |  1- 3 |  4- 6 |  7- 9 || total
-------------------------+-------+-------+-------++-------
Melee: Long sword        |    97 |   120 |   166 ||   383
 Fire: Hunting sling     |    30 |    49 |    29 ||   108
Throw: Dart              |     8 |    23 |       ||    31
       Stone             |       |     1 |     4 ||     5
       Boomerang         |       |       |     2 ||     2
Evoke: Wand              |       |     1 |    11 ||    12
  Use: Potion            |       |     3 |     4 ||     7
       Scroll            |       |       |     5 ||     5
Armor: Scale mail        |    64 |    84 |    16 ||   164
       Chain mail        |       |       |    73 ||    73
Dodge: Dodged            |    36 |    75 |    60 ||   171
Block: Buckler           |    23 |    51 |    53 ||   127

Table legend: (Time is in decaauts)
 A = Elapsed time spent in this place.
 B = Non-inter-level travel time spent in this place.
 C = Inter-level travel time spent in this place.
 D = Time resting spent in this place.
 E = Time spent auto-exploring this place.
 F = Levels seen in this place.
 G = Mean time per level.
                   A        B        C        D        E       F      G
               +--------+--------+--------+--------+--------+-----+--------+
         Total |   6936 |   6694 |    242 |    581 |   4838 |   5 | 1387.2 |
       Dungeon |   6936 |   6694 |    242 |    581 |   4838 |   5 | 1387.2 |
               +--------+--------+--------+--------+--------+-----+--------+

Top non-repeatable levels by time:
     D:4: 1870 daAuts
     D:5: 1865 daAuts
     D:2: 1127 daAuts
     D:1: 1065 daAuts
     D:3: 1007 daAuts
